 Dungeon Crawl Stone Soup version 0.19-a0-583-g665d810 (webtiles) character file.

11 TheGoonsmith the Magician (level 2, 0/17 HPs)
             Began as an Octopode Wizard on June 9, 2016.
             Slain by a worm (9 damage)
             ... on level 2 of the Dungeon.
             The game lasted 00:00:52 (429 turns).

TheGoonsmith the Magician (Octopode Wizard)          Turns: 429, Time: 00:00:52

Health: 0/17       AC:  1    Str:  6    XL:     2   Next: 25%
Magic:  0/6        EV: 12    Int: 20    God:
Gold:   35         SH:  0    Dex: 10    Spells: 1 memorised, 6 levels left

rFire  . . .     SeeInvis .     d - +0 mace
rCold  . . .     Gourm    .     (no shield)
rNeg   . . .     Faith    .     a - +0 hat
rPois  .         Spirit   .     (no amulet)
rElec  .         Dismiss  .     (no ring)
rCorr  .         Reflect  .     (no ring)
SustAt .         Harm     .     (no ring)
MR     .....                    (no ring)
Stlth  +++.......               (no ring)
                                (no ring)
                                (no ring)
                                (no ring)

@: not resistant to hostile enchantments, fairly stealthy
A: almost no armour, amphibious, 8 rings, constrict 8, camouflage 1, gelatinous
body 1
a: no special abilities


You were on level 2 of the Dungeon.
You were not hungry.

You visited 1 branch of the dungeon, and saw 2 of its levels.

You collected 35 gold pieces.

Inventory:

Hand Weapons
 d - a +0 mace (weapon)
Armour
 a - a +0 hat (worn)
Books
 b - a book of Minor Magic

   Spells                             Type                      Level
   a - Magic Dart                     Conjuration                  1
   b - Blink                          Translocation                2
   c - Call Imp                       Summoning                    2
   d - Repel Missiles                 Charms/Air                   2
   e - Slow                           Hexes                        2
   f - Conjure Flame                  Conjuration/Fire             3
   g - Mephitic Cloud                 Conjuration/Poison/Air       3
Comestibles
 c - a bread ration


   Skills:
 - Level 2.0 Dodging
 - Level 2.6 Stealth
 + Level 3.0 Spellcasting
 * Level 2.1 Conjurations
   Level 1.0 Summonings
   Level 1.0 Translocations


You had 6 spell levels left.
You knew the following spells:

 Your Spells              Type           Power        Failure   Level  Hunger
a - Magic Dart            Conj           ##..         10%         1    None


Dungeon Overview and Level Annotations

Branches:
Dungeon (1/15)

Altars:


Innate Abilities, Weirdness & Mutations

You cannot wear most types of armour.
You are amphibious.
You can wear up to eight rings at the same time.
You can use your tentacles to constrict eight enemies at once.
Your skin changes colour to match your surroundings (Stealth+).
Your rubbery body absorbs attacks. (AC +1)


Message History

You start resting.
A worm is nearby!
Casting: Magic Dart
Confirm with . or Enter, or press ? or * to list all spells.
Aiming: Magic Dart
Press: ? - help, Shift-Dir - straight line, f - worm
Aim: a worm The magic dart hits the worm.
Casting: Magic Dart
Confirm with . or Enter, or press ? or * to list all spells.
Aiming: Magic Dart
Press: ? - help, Shift-Dir - straight line, f/p - worm
Aim: a worm The magic dart hits the worm.
The worm is lightly wounded.
You barely miss the worm. You grab the worm. You squeeze the worm!
The worm is heavily wounded.
You constrict the worm. The worm bites you!
Ouch! That really hurt!
You die...

######...##......
..........>......#
#................#
..###............#
###....$.#....
##....##...##
#.....##.#†#
#..#...#.# .#
#......@.# #
##.###.w.......
... ###.#..... #.#
....... #..
....... #. .......
....... ......


You could see a worm.

Vanquished Creatures
  A bat (D:1)
  A giant cockroach (D:2)
  A goblin (D:2)
  3 hobgoblins (D:1)
  A quokka (D:2)
  2 rats
9 creatures vanquished.

Notes
Turn   | Place    | Note
--------------------------------------------------------------
     0 | D:1      | TheGoonsmith the Octopode Wizard began the quest for the Orb.
     0 | D:1      | Reached XP level 1. HP: 11/11 MP: 4/4
     2 | D:1      | Noticed an ogre
     2 | D:1      | Noticed an elf
     4 | D:1      | Noticed a vampire
     6 | D:1      | Noticed a human
     6 | D:1      | Noticed a felid
     8 | D:1      | Noticed a demonspawn
    10 | D:1      | Noticed a gargoyle
    10 | D:1      | Noticed a merfolk
    12 | D:1      | Noticed an octopode
    12 | D:1      | Noticed a vine stalker
    14 | D:1      | Noticed a formicid
    14 | D:1      | Noticed a dwarf
    16 | D:1      | Noticed a demigod
    16 | D:1      | Noticed a minotaur
    18 | D:1      | Noticed a centaur
    20 | D:1      | Noticed a spriggan
    22 | D:1      | Noticed a halfling
    22 | D:1      | Noticed a tengu
    24 | D:1      | Noticed a troll
    24 | D:1      | Noticed a ghoul
    26 | D:1      | Noticed a naga
    26 | D:1      | Noticed a draconian
   385 | D:1      | You fall through a shaft!
   410 | D:2      | Reached XP level 2. HP: 17/17 MP: 1/6
   429 | D:2      | Slain by a worm

Vault maps used:
D:1:      kb_arrival_jail, kennysheep_flooded_box
D:2:      gammafunk_temple_overflow_pools

Skill      XL: |  1 |
---------------+----+-----
Conjurations   | 2 |  2.1
Dodging        | |  2.0
Stealth        | |  2.6
Spellcasting   | |  3.0
Summonings     | |  1.0
Translocations | |  1.0

Action                   || total
-------------------------++-------
Melee: Mace              ||     9
       Constrict         ||     4
       Tentacles         ||     1
 Cast: Magic Dart        ||    14
Dodge: Dodged            ||     6
